 Dungeon Crawl Stone Soup version 0.30-a0-374-g95c0257040 (webtiles) character file.

Game seed: 17230115450402851314

171 whiskeysaurus the Conjurer (level 5, 0/38 HPs)
             Began as a Draconian Conjurer on Nov 26, 2022.
             Slain by a gnoll
             ... wielding a +0 flail
              (3 damage)
             ... on level 3 of the Dungeon.
             The game lasted 00:09:01 (4141 turns).

whiskeysaurus the Conjurer (Draconian Conjurer)     Turns: 4141, Time: 00:09:03

Health: 0/38       AC:  9    Str:  9    XL:     5   Next: 26%
Magic:  4/9        EV: 12    Int: 20    God:
Gold:   85         SH:  0    Dex: 10    Spells: 8/9 levels left

rFire   . . .      SeeInvis .    h - +0 dagger (speed)
rCold   . . .      Faith    .    (no shield)
rNeg    . . .      Spirit   .    (body armour unavailable)
rPois   .          Reflect  .    (helmet restricted)
rElec   .          Harm     .    (no cloak)
rCorr   .          Rampage  .    (no gloves)
Will    .....                    (no boots)
Stlth   ++........               (no amulet)
HPRegen 0.26/turn                e - +4 ring of protection
MPRegen 0.11/turn                (no ring)

@: very slightly contaminated
A: AC +5, unfitting armour, cold-blooded
a: no special abilities


You were on level 3 of the Dungeon.
You visited 1 branch of the dungeon, and saw 4 of its levels.

You collected 85 gold pieces.

Inventory:

Hand Weapons
 f - a +0 dagger
 h - a +0 dagger of speed (weapon)
Magical Staves
 p - a staff of death
Jewellery
 e - a +4 ring of protection (left hand)
 u - the ring "Ipuy" {*Slow rElec rC+ Dex+7 SInv}
   (You found it on level 3 of the Dungeon)

   [ring of protection from cold]

   Dex:       It affects your dexterity (+7).
   rC:        It protects you from cold.
   rElec:     It insulates you from electricity.
   SInv:      It lets you see invisible.
   *Slow:     It may slow you when you take damage.
Scrolls
 b - 4 scrolls of identify {unknown}
 c - a scroll of amnesia {unknown}
 g - 3 scrolls of teleportation {unknown}
 i - a scroll of magic mapping {unknown}
 j - a scroll of summoning {unknown}
 l - a scroll of vulnerability {unknown}
 n - 2 scrolls of immolation {unknown}
 q - a scroll of blinking {unknown}
 t - a scroll of fear {unknown}
Potions
 a - a potion of magic
 d - a potion of attraction {unknown}
 k - 4 potions of mutation {unknown}
 m - a potion of lignification {unknown}
 o - 2 potions of haste {unknown}
 r - 2 potions of curing {unknown}
 s - a potion of flight {unknown}


   Skills:
 + Level 2.7 Dodging
 + Level 2.9 Stealth
 + Level 2.9 Spellcasting
 + Level 4.6 Conjurations
 + Level 1.5 Hexes


You had 8 spell levels left.
You knew the following spells:

 Your Spells              Type           Power      Damage    Failure   Level
a - Magic Dart            Conj           84%        1d7       2%          1

Your spell library contained the following spells:

 Spells                   Type           Power      Damage    Failure   Level
 Searing Ray              Conj           42%        2d6       3%          2
 Dazzling Flash           Conj/Hex       30%        N/A       12%         3
 Cigotuvi's Dreadful Rot  Necr/Pois/Air  4%         N/A       22%         2
 Poisonous Vapours        Pois/Air       4%         N/A       22%         2
 Mephitic Cloud           Conj/Pois/Air  9%         N/A       22%         3
 Fulminant Prism          Conj/Hex       7%         3d7       38%         4
 Ignite Poison            Fire/Tmut/Pois 2%         N/A       41%         3
 Iskenderun's Mystic Bla  Conj/Tloc      12%        2d5       50%         4
 Sticky Flame             Conj/Fire      12%        2d4       50%         4
 Ignition                 Fire           1%         3d3       100%        8


Dungeon Overview and Level Annotations

Branches:
Dungeon (4/15)
 Temple: D:4-7

Altars:
Makhleb
Okawaru
Yredelemnul


Innate Abilities, Weirdness & Mutations

Your plain brown scales are hard. (AC +5)
You cannot fit into any form of body armour.
You are cold-blooded and may be slowed by cold attacks.


Message History

Press: ? - help, Shift-Dir - straight line, f - gnoll
Aim: a gnoll, wielding a +0 flail (100% to hit)
The magic dart hits the gnoll.
The gnoll is lightly wounded.
The gnoll hits you but does no damage.
Casting: Magic Dart (safe; 2% risk of failure)
Confirm with . or Enter, or press ? or * to list all spells.
Aiming: Magic Dart (safe; 2% risk of failure)
Press: ? - help, Shift-Dir - straight line, f/p - gnoll
Aim: a gnoll, wielding a +0 flail (lightly wounded, 100% to hit)
You miscast Magic Dart.
You are very lightly contaminated with residual magic.
Nothing appears to happen.
The gnoll hits you with a +0 flail!
* * * LOW HITPOINT WARNING * * *
Casting: Magic Dart (safe; 2% risk of failure)
Confirm with . or Enter, or press ? or * to list all spells.
Aiming: Magic Dart (safe; 2% risk of failure)
Press: ? - help, Shift-Dir - straight line, f/p - gnoll
Aim: a gnoll, wielding a +0 flail (lightly wounded, 100% to hit)
The magic dart hits the gnoll.
The gnoll is heavily wounded.
The gnoll hits you but does no damage.
Casting: Magic Dart (safe; 2% risk of failure)
Confirm with . or Enter, or press ? or * to list all spells.
Aiming: Magic Dart (safe; 2% risk of failure)
Press: ? - help, Shift-Dir - straight line, f/p - gnoll
Aim: a gnoll, wielding a +0 flail (heavily wounded, 100% to hit)
The magic dart hits the gnoll but does no damage.
The gnoll is heavily wounded.
The gnoll hits you with a +0 flail.
* * * LOW HITPOINT WARNING * * *
Casting: Magic Dart (safe; 2% risk of failure)
Confirm with . or Enter, or press ? or * to list all spells.
Aiming: Magic Dart (safe; 2% risk of failure)
Press: ? - help, Shift-Dir - straight line, f/p - gnoll
Aim: a gnoll, wielding a +0 flail (heavily wounded, 100% to hit)
The magic dart hits the gnoll.
The gnoll is almost dead.
The gnoll hits you with a +0 flail.
You die...

#...................#...#.
#.###..#####........#...##
#.###..# #.###.#..##.##
#.#....# #.###.......##
#.#...## #.##.).......#
#.#.#.# #.##.#.......#
#.....######.##.#...##..#
####.###............##..#
#.# #.@......#.####..##
#.# #.g......#.####....
#.# #........#.........
###.# #.[.....##...####..
#...# #.......####.# ###
#.### #.......# #.# #.#
######### #.# #.#
##########.#
####.#######.......##.#


You could see a gnoll.

Vanquished Creatures
  A hound (D:4)
  An adder (D:2)
  5 gnolls
  A shadow imp (D:4)
  A worm (D:2)
  A dart slug (D:2)
  5 orcs
  7 ball pythons
  6 bats
  12 endoplasms
  3 giant cockroaches
  4 goblins
  4 hobgoblins
  A quokka (D:2)
  2 frilled lizards
  5 kobolds
  5 rats
64 creatures vanquished.

Notes
Turn   | Place    | Note
-------+----------+-------------------------------------------
     0 | D:1      | whiskeysaurus the Draconian Conjurer began the quest for
                  | the Orb.
     0 | D:1      | Reached XP level 1. HP: 14/14 MP: 3/3
   283 | D:1      | Reached XP level 2. HP: 20/20 MP: 0/5
  1135 | D:2      | Reached XP level 3. HP: 23/26 MP: 1/6
  2463 | D:3      | Found a burning altar of Makhleb.
  2724 | D:2      | Reached skill level 1 in Hexes
  2724 | D:2      | Reached XP level 4. HP: 10/33 MP: 1/7
  3164 | D:3      | Found a basalt altar of Yredelemnul.
  3339 | D:3      | Identified the ring "Ipuy" {*Slow rElec rC+ Dex+7 SInv}
  3487 | D:3      | Found a faded altar of an unknown god.
  3768 | D:4      | Reached XP level 5. HP: 22/38 MP: 0/9
  3862 | D:4      | Found an iron altar of Okawaru.
  4111 | D:4      | Noticed a phantom
  4141 | D:3      | Slain by a gnoll

Illustrated notes

Levels and vault maps discovered:
D:1:      minmay_arrival_stair_chambers, layout_basic
D:2:      layout_basic
D:3:      layout_loops_cross, mainiacjoe_overflow_six_doors_small,
          nicolae_overflow_hidden_temple, ebering_ecumenical_altar_webs
D:4:      layout_loops_ring, mainiacjoe_overflow_small_starburst

Skill      XL: |  1  2  3 |
---------------+----------+-----
Dodging        | 2 |  2.7
Stealth        | 2 |  2.9
Hexes          | 1 |  1.5
Spellcasting   | |  2.9
Conjurations   | |  4.6

Action                   |  1- 3 |  4- 6 || total
-------------------------+-------+-------++-------
Melee: Unarmed           |     5 |       ||     5
       Punch             |     1 |       ||     1
       Dagger            |    48 |     1 ||    49
       Tailslap          |     4 |     1 ||     5
 Cast: Magic Dart        |   118 |    60 ||   178
Armor: Skin              |    36 |    15 ||    51
Dodge: Dodged            |    53 |    39 ||    92

Table legend: (Time is in decaauts)
 A = Elapsed time spent in this place.
 B = Non-inter-level travel time spent in this place.
 C = Inter-level travel time spent in this place.
 D = Time resting spent in this place.
 E = Time spent auto-exploring this place.
 F = Levels seen in this place.
 G = Mean time per level.
                   A        B        C        D        E       F      G
               +--------+--------+--------+--------+--------+-----+--------+
         Total |   4131 |   3993 |    138 |    541 |   2794 |   4 | 1032.8 |
       Dungeon |   4131 |   3993 |    138 |    541 |   2794 |   4 | 1032.8 |
               +--------+--------+--------+--------+--------+-----+--------+

Top non-repeatable levels by time:
     D:1: 1331 daAuts
     D:2: 1254 daAuts
     D:3: 1040 daAuts
     D:4: 504 daAuts
